 Dungeon Crawl Stone Soup version 0.32-a0-898-g7811c86cf0 (webtiles) character file.

Game seed: 4611210857617694743

1064 yetimobile the Blocker (level 8, 0/58 HPs)
             Began as a Formicid Fighter on Apr 5, 2024.
             Slain by a gnoll
             ... wielding a +0 spear
             ... led by a gnoll sergeant
              (4 damage)
             ... on level 6 of the Dungeon.
             The game lasted 00:12:13 (5240 turns).

yetimobile the Blocker (Formicid Fighter)           Turns: 5240, Time: 00:12:13

Health: 0/58       AC:  5    Str: 35    XL:     8   Next: 52%
Magic:  8/8        EV:  5    Int:  8    God:
Gold:   109        SH:  0    Dex: 13    Spells: 7/7 levels left

rFire   + + .        a - +4 halberd
rCold   . . .        c - +0 buckler
rNeg    . . .        w - +2 leather armour "Wuisasum" {-Tele Rampage rPois rF++}
rPois   +            (helmet unavailable)
rElec   .            (no cloak)
rCorr   .            (no gloves)
SInv    +            (no boots)
Will    .....        (no amulet)
Stlth   +            S - +6 ring of strength
HPRegen 0.29/turn    s - +6 ring of strength
MPRegen 0.11/turn

%: rampage
@: held, studying Ranged Weapons
A: permanent stasis, dig shafts and tunnels, antennae 3, four strong arms
a: Dig, Shaft Self


You were on level 6 of the Dungeon.
You visited 1 branch of the dungeon, and saw 6 of its levels.

You collected 298 gold pieces.
You spent 189 gold pieces at shops.

Inventory:

Hand Weapons
 a - a +4 halberd (weapon)
 t - a +0 sling
Missiles
 u - 17 poisoned darts
 D - a throwing net
Armour
 b - a +0 scale mail
 c - a +0 buckler (worn)
 r - a +0 chain mail
 w - the +2 leather armour "Wuisasum" (worn) {-Tele Rampage rPois rF++}
   (You bought it in a shop on level 1 of the Dungeon)

   rF++:      It greatly protects you from fire.
   rPois:     It protects you from poison.
   -Tele:     It prevents most forms of teleportation.
   Rampage:   It bestows one free step when moving towards enemies.
Magical Staves
 C - a staff of death
Jewellery
 f - a ring of protection from fire
 s - a +6 ring of strength (right hand)
 F - a ring of fire
 N - a ring of positive energy
 P - a ring of poison resistance
 S - a +6 ring of strength (left hand)
Wands
 q - a wand of flame (18)
 y - a wand of mindburst (40)
 z - a wand of iceblast (4)
Scrolls
 e - 2 scrolls of poison {!r}
 j - 4 scrolls of blinking
 n - a scroll of fog {unknown}
 A - 3 scrolls of vulnerability {!r}
Potions
 d - a potion of might
 g - 5 potions of curing
 k - a potion of lignification {unknown}
 l - 2 potions of heal wounds {unknown}
 o - 2 potions of degeneration {!q}
 p - a potion of resistance {unknown}
 v - 7 potions of brilliance
 x - a potion of ambrosia
 B - a potion of mutation {unknown}


   Skills:
 - Level 3.2 Fighting
 + Level 7.2 Polearms
 - Level 3.2 Armour
 - Level 9.3 Shields


You had 7 spell levels left.
You didn't know any spells.
Your spell library contained the following spells:

 Spells                   Type           Power      Damage    Failure   Level
 Sting                    Conj/Alch      0%         1d3       45%         1
 Mercury Vapours          Alch/Air       0%         N/A       61%         2
 Fugue of the Fallen      Necr           0%         N/A       83%         3
 Ozocubu's Armour         Ice            0%         N/A       83%         3
 Passwall                 Erth           0%         N/A       83%         3
 Volatile Blastmotes      Fire/Tloc      0%         2d10      83%         3
 Olgreb's Toxic Radiance  Alch           0%         N/A       99%         4
 Bombard                  Conj/Erth      0%         9d1       100%        6
 Manifold Assault         Tloc           0%         N/A       100%        7
 Vhi's Electric Charge    Tloc/Air       Unusable   N/A       N/A         4

Dungeon Overview and Level Annotations

Branches:
Dungeon (6/15)
 Temple: D:4-7

Altars:
Ashenzari
Nemelex Xobeh

Shops:
D:1 [


Innate Abilities, Weirdness & Mutations

You cannot be hasted, slowed, berserked, paralysed or teleported.
You can dig through walls and to a lower floor.
You have a pair of large antennae on your head. (SInv)
Your four strong arms can wield two-handed weapons with a shield.


Message History

The gnoll sergeant is lightly wounded.
The gnoll hits you from afar with a +0 spear.
The gnoll barely misses you.
You puncture the gnoll sergeant!
The gnoll sergeant is severely wounded.
The gnoll hits you with a +0 flail!
The gnoll throws a throwing net.
The throwing net hits you.
You become entangled in the net!
The gnoll hits you but does no damage. The gnoll sergeant barely misses you.
You are held in a net!
You are held in a net!
You struggle against the net.
The gnoll hits you with a +0 flail.
The gnoll hits you but does no damage. x2
The gnoll sergeant hits you with a +0 spear.
You struggle against the net.
The gnoll hits you but does no damage.
The gnoll hits you from afar with a +0 spear.
The gnoll barely misses you. The gnoll hits you with a +0 whip.
The gnoll sergeant barely misses you.
As you read the scroll labelled COCA VESMUJU, it crumbles to dust.
You feel aware of your surroundings.
It was a scroll of revelation.
The gnoll hits you with a +0 flail!
* * * LOW HITPOINT WARNING * * *
The gnoll hits you with a +0 flail.
* * * LOW HITPOINT WARNING * * *
The gnoll barely misses you.
The gnoll hits you from afar with a +0 halberd.
* * * LOW HITPOINT WARNING * * *
The gnoll barely misses you.
The gnoll sergeant hits you with a +0 spear.
* * * LOW HITPOINT WARNING * * *
You struggle against the net.
The gnoll hits you with a +0 flail!
* * * LOW HITPOINT WARNING * * *
The gnoll barely misses you. The gnoll hits you but does no damage.
The gnoll barely misses you. x2; The gnoll sergeant barely misses you.
As you read the scroll labelled HIESCH EMIRROOKHE, it crumbles to dust.
It is a scroll of enchant weapon.
Your +3 halberd glows red for a moment.
The gnoll hits you with a +0 flail.
* * * LOW HITPOINT WARNING * * *
The gnoll hits you but does no damage.
The gnoll hits you from afar with a +0 spear.
You die...

* #......P.PPPP,,,,,,,,*
* #....)...#..#..?.##..*
####...)######.#..#.##.#*
#.....)........#$.#.##.#
####...)#####..#..#....#
####....######.#...##.##
#................#.##.##
####......###)..ggg##.##
####......###...Bg...!.#
#.<.......###.#.g#g....#
#####...>.###.##.#.....#
* #.....###.....##..## *
###.......##.......# *
#.#####.##.####.## *
#.#####.....###.##
******#.#######.#<....##
,,,,,,..#****,,,,,,,***


You could see a gnoll sergeant and 5 gnolls.

Vanquished Creatures
  Grinder (D:5)
  An ogre (D:4)
  Blork the orc (D:4)
  A scorpion (D:2)
  A jelly (D:6)
  2 bombardier beetles
  An orc priest (D:4)
  2 iguanas (D:4)
  Terence (D:3)
  4 orc wizards
  15 gnolls
  12 adders
  A white imp (D:5)
  4 ribbon worms
  15 orcs
  2 bats
  7 endoplasms
  7 giant cockroaches
  6 goblins
  9 hobgoblins
  4 jackals
  3 quokkas
  4 ball pythons
  A frilled lizard (D:1)
  9 kobolds
  10 rats
124 creatures vanquished.

Notes
Turn   | Place    | Note
-------+----------+-------------------------------------------
     0 | D:1      | yetimobile the Formicid Fighter began the quest for the
                  | Orb.
     0 | D:1      | Reached XP level 1. HP: 18/18 MP: 1/1
    42 | D:1      | Reached XP level 2. HP: 16/24 MP: 2/2
   309 | D:1      | Reached XP level 3. HP: 29/29 MP: 3/3
   472 | D:1      | Found Janiqoem's Antique Armour Emporium.
   612 | D:2      | Reached skill level 3 in Polearms
   612 | D:2      | Reached skill level 5 in Shields
   618 | D:2      | Reached XP level 4. HP: 32/35 MP: 4/4
   915 | D:2      | Reached XP level 5. HP: 36/41 MP: 5/5
  1271 | D:2      | Reached skill level 4 in Polearms
  1271 | D:2      | Reached skill level 6 in Shields
  1357 | D:3      | Noticed Terence
  1538 | D:3      | Killed Terence
  1539 | D:3      | Reached XP level 6. HP: 43/47 MP: 6/6
  1735 | D:3      | Found a sparkling altar of Nemelex Xobeh.
  2372 | D:4      | Reached skill level 7 in Shields
  2411 | D:4      | Found a broken altar of Ashenzari.
  2416 | D:4      | Noticed an ogre
  2422 | D:4      | Killed an ogre
  2423 | D:4      | Reached skill level 5 in Polearms
  2423 | D:4      | Reached XP level 7. HP: 52/52 MP: 7/7
  2786 | D:1      | Bought a steaming leather armour for 189 gold pieces
  2786 | D:1      | Identified the +2 leather armour "Wuisasum" {-Tele Rampage
                  | rPois rF++} (You bought it in a shop on level 1 of the
                  | Dungeon)
  3176 | D:4      | Noticed Blork the orc
  3184 | D:4      | Killed Blork the orc
  3185 | D:4      | Reached skill level 8 in Shields
  3807 | D:5      | Entered Level 5 of the Dungeon
  4247 | D:5      | Reached skill level 6 in Polearms
  4318 | D:5      | Noticed Grinder
  4340 | D:5      | Reached XP level 8. HP: 58/58 MP: 8/8
  4545 | D:5      | Killed Grinder
  4546 | D:5      | Reached skill level 9 in Shields
  5184 | D:6      | Reached skill level 7 in Polearms
  5240 | D:6      | HP: 4/58 [gnoll/+0 flail[a gnoll sergeant] (4)]
  5240 | D:6      | Slain by a gnoll

Illustrated notes

Levels and vault maps discovered:
D:1:      roderic_chinese_lattice_arrival, layout_rooms, serial_shops, shop,
          hangedman_decor_growths, grunt_decor_one_mirror
D:2:      layout_basic
D:3:      layout_rooms, mainiacjoe_overflow_brackets, chequers_decorated_corner,
          uniq_terence
D:4:      wad_river_or_something, layout_loops_ring,
          ashenzari_conservatory_becter, uniq_blork_the_orc
D:5:      layout_layer_cave, nrook_mini_vaults, nicolae_eternal_life,
          nrook_loot_triangle, uniq_grinder
D:6:      kennysheep_windowed_halls, layout_rooms, minmay_hedge_maze

Skill      XL: |  1  2  3  4  5  6  7  8 |
---------------+-------------------------+-----
Polearms       | 3 4 5 6 7 |  7.2
Shields        | 5 6 7 8 9 |  9.3
Fighting       | |  3.2
Armour         | |  3.2

Action                     |  1- 3 |  4- 6 |  7- 9 || total
---------------------------+-------+-------+-------++-------
  Melee: Trident           |    74 |    39 |       ||   113
         Halberd           |       |   130 |   180 ||   310
  Throw: Dart              |       |     2 |       ||     2
    Use: Scroll            |       |     1 |     7 ||     8
         Potion            |       |     1 |       ||     1
 Armour: Scale mail        |    39 |    59 |       ||    98
         Chain mail        |       |    40 |    35 ||    75
         Leather armour    |       |       |   101 ||   101
  Dodge: Dodged            |    16 |    43 |    61 ||   120
  Block: Buckler           |    13 |    46 |    41 ||   100

Table legend: (Time is in decaauts)
 A = Elapsed time spent in this place.
 B = Non-inter-level travel time spent in this place.
 C = Inter-level travel time spent in this place.
 D = Time resting spent in this place.
 E = Time spent auto-exploring this place.
 F = Levels seen in this place.
 G = Mean time per level.
                   A        B        C        D        E       F      G
               +--------+--------+--------+--------+--------+-----+--------+
         Total |   5348 |   4837 |    511 |    921 |   2711 |   6 |  891.3 |
       Dungeon |   5348 |   4837 |    511 |    921 |   2711 |   6 |  891.3 |
               +--------+--------+--------+--------+--------+-----+--------+

Top non-repeatable levels by time:
     D:4: 1648 daAuts
     D:5: 1089 daAuts
     D:2: 977 daAuts
     D:3: 698 daAuts
     D:1: 576 daAuts
     D:6: 358 daAuts

Table legend: (Time is in decaauts)
 A = Elapsed time spent in this place.
 B = Non-inter-level travel time spent in this place.
 C = Inter-level travel time spent in this place.
 D = Time resting spent in this place.
 E = Time spent auto-exploring this place.
 F = Levels seen in this place.
 G = Mean time per level.
                   A        B        C        D        E       F      G
               +--------+--------+--------+--------+--------+-----+--------+
         Total |   5348 |   4837 |    511 |    921 |   2711 |   6 |  891.3 |
       Dungeon |   5348 |   4837 |    511 |    921 |   2711 |   6 |  891.3 |
               +--------+--------+--------+--------+--------+-----+--------+

Top non-repeatable levels by time:
     D:4: 1648 daAuts
     D:5: 1089 daAuts
     D:2: 977 daAuts
     D:3: 698 daAuts
     D:1: 576 daAuts
     D:6: 358 daAuts

Table legend:
 A = Kills in this place as a percentage of kills in the entire game.
 B = Kills by you in this place as a percentage of kills by you in the entire game.
 C = Kills by friends in this place as a percentage of kills by friends in the entire game.
 D = Other kills in this place as a percentage of other kills in the entire game.
 E = Experience gained in this place as a percentage of experience gained in the entire game.
 F = Experience gained in this place divided by the number of levels of this place that you have seen.
                   A       B       C       D       E      F
               +-------+-------+-------+-------+-------+----------------------
         Total | 100.0 | 100.0 |   N/A |   N/A | 100.0 | 253.5
       Dungeon | 100.0 | 100.0 |   N/A |   N/A | 100.0 | 253.5
               +-------+-------+-------+-------+-------+----------------------

Levels and vault maps discovered:
D:1:      roderic_chinese_lattice_arrival, layout_rooms, serial_shops, shop,
          hangedman_decor_growths, grunt_decor_one_mirror
D:2:      layout_basic
D:3:      layout_rooms, mainiacjoe_overflow_brackets, chequers_decorated_corner,
          uniq_terence
D:4:      wad_river_or_something, layout_loops_ring,
          ashenzari_conservatory_becter, uniq_blork_the_orc
D:5:      layout_layer_cave, nrook_mini_vaults, nicolae_eternal_life,
          nrook_loot_triangle, uniq_grinder
D:6:      kennysheep_windowed_halls, layout_rooms, minmay_hedge_maze

Action                     |  1- 3 |  4- 6 |  7- 9 || total
---------------------------+-------+-------+-------++-------
  Melee: Trident           |    74 |    39 |       ||   113
         Halberd           |       |   130 |   180 ||   310
  Throw: Dart              |       |     2 |       ||     2
    Use: Scroll            |       |     1 |     7 ||     8
         Potion            |       |     1 |       ||     1
 Armour: Scale mail        |    39 |    59 |       ||    98
         Chain mail        |       |    40 |    35 ||    75
         Leather armour    |       |       |   101 ||   101
  Dodge: Dodged            |    16 |    43 |    61 ||   120
  Block: Buckler           |    13 |    46 |    41 ||   100
